 Dungeon Crawl Stone Soup version 0.21-a0-578-gc6e9d75 (webtiles) character file.

22 tidbits the Insei (level 2, 0/23 HPs)
             Began as a Gnoll Transmuter on Dec 18, 2017.
             Slain by a rat (1 damage)
             ... on level 2 of the Dungeon.
             The game lasted 00:02:24 (241 turns).

tidbits the Insei (Gnoll Transmuter)                 Turns: 241, Time: 00:02:25

Health: 0/23       AC:  2    Str: 12    XL:     2   Next: 91%
Magic:  1/7        EV: 14    Int: 15    God:
Gold:   56         SH:  0    Dex: 15    Spells: 7/10 levels left

rFire    . . .     SeeInvis .     - Unarmed
rCold    . . .     Gourm    .   (no shield)
rNeg     . . .     Faith    .   b - +0 robe
rPois    .         Spirit   .   (no helmet)
rElec    .         Reflect  .   (no cloak)
rCorr    .         Harm     .   (no gloves)
MR       .....                  (no boots)
Stlth    ++........             (no amulet)
HPRegen  0.07/turn              (no ring)
MPRegen  0.10/turn              (no ring)

@: appendage
A: distributed training, fangs 1, horns 2, strong nose
a: End Transformation


You were on level 2 of the Dungeon.
You were not hungry.
You had grown temporary horns.
You visited 1 branch of the dungeon, and saw 3 of its levels.

You collected 56 gold pieces.

Inventory:

Hand Weapons
 e - a +0 mace
Missiles
 a - 9 arrows
 h - 5 poisoned needles
Armour
 b - a +0 robe (worn)
Scrolls
 g - a scroll of amnesia {unknown}
 i - 2 scrolls of teleportation {unknown}
Potions
 f - a potion of resistance
Books
 c - a book of Changes

   Spells                             Type                      Level
   a - Beastly Appendage              Transmutation                1
   b - Sticks to Snakes               Transmutation                2
   c - Spider Form                    Transmutation/Poison         3
   d - Ice Form                       Ice/Transmutation            4
   e - Blade Hands                    Transmutation                5
Comestibles
 d - a ration


   Skills:
 + Level 2.5 Fighting
 + Level 0.5 Short Blades
 + Level 0.5 Long Blades
 + Level 0.5 Axes
 + Level 0.5 Maces & Flails
 + Level 0.5 Polearms
 + Level 0.5 Staves
 + Level 0.5 Slings
 + Level 0.5 Bows
 + Level 0.5 Crossbows
 + Level 0.5 Throwing
 + Level 0.5 Armour
 + Level 4.5 Dodging
 + Level 0.5 Stealth
 + Level 0.5 Shields
 + Level 6.5 Unarmed Combat
 + Level 4.9 Spellcasting
 + Level 0.4 Conjurations
 + Level 0.4 Hexes
 + Level 0.4 Charms
 + Level 0.4 Summonings
 + Level 0.4 Necromancy
 + Level 0.4 Translocations
 + Level 3.7 Transmutations
 + Level 0.4 Fire Magic
 + Level 0.4 Ice Magic
 + Level 0.4 Air Magic
 + Level 0.4 Earth Magic
 + Level 0.4 Poison Magic
 + Level 0.7 Invocations
 + Level 0.5 Evocations


You had 7 spell levels left.
You knew the following spells:

 Your Spells              Type           Power        Failure   Level  Hunger
e - Beastly Appendage     Tmut           ##....       3%          1    None
k - Sticks to Snakes      Tmut           ##......     5%          2    ##.....


Dungeon Overview and Level Annotations

Branches:
Dungeon (3/15)

Altars:

Annotations:
D:2 Natasha


Innate Abilities, Weirdness & Mutations

Your experience applies equally to all skills.
You have very sharp teeth.
Your uncanny sense of smell can sniff out nearby items.
You have a pair of horns on your head.


Message History

The stone closely misses you.
There is a stone staircase leading up here.
The goblin shoots a stone.
The stone hits you.
The goblin shoots a stone.
The stone closely misses you. The hobgoblin barely misses you.
You climb upwards.
There is a stone staircase leading down here.
You barely miss the hobgoblin. The hobgoblin barely misses you.
You hit the hobgoblin.
You bite the hobgoblin, but do no damage.
The hobgoblin is moderately wounded.
You hit the hobgoblin but do no damage. Your kick misses the hobgoblin.
The hobgoblin is moderately wounded.
The hobgoblin barely misses you.
You punch the hobgoblin!
You kill the hobgoblin!
Your transformation is almost over.
Things that are here:
a club; a hobgoblin corpse
There is a stone staircase leading down here.
Found 2 scrolls labeled DIEFRA FUCS.
Your talons disappear.
You see here 2 scrolls labeled DIEFRA FUCS.
You see here 2 scrolls labeled DIEFRA FUCS.
i - 2 scrolls labeled DIEFRA FUCS Natasha, Servant of Life and Death comes into view.
Natasha hisses angrily.
Natasha drinks a potion.
Natasha suddenly seems more resistant.
A rat comes into view.
Okay, then.
Casting: Beastly Appendage
Confirm with . or Enter, or press ? or * to list all spells.
You create a snake!
You now have 11 arrows.
Casting: Sticks to Snakes
Confirm with . or Enter, or press ? or * to list all spells.
You create a snake!
You now have 10 arrows.
Casting: Sticks to Snakes
Confirm with . or Enter, or press ? or * to list all spells.
You create a snake!
You now have 9 arrows.
Natasha mumbles some strange words.
Your ball python bites Natasha but does no damage.
Your ball python grabs Natasha.
Your ball python constricts Natasha.
Natasha struggles to escape constriction.
You swap places.
Your ball python bites Natasha but does no damage.
Your ball python constricts Natasha.
Natasha claws your ball python.
Your ball python dies!
The shadow imp hits you.
Your ball python closely misses the shadow imp.
Your ball python grabs the shadow imp.
Your ball python constricts the shadow imp.
The rat closely misses you. Natasha closely misses you.
You hit Natasha.
Natasha is moderately wounded.
The shadow imp gestures at you.
You barely resist.
Your ball python bites the shadow imp.
Your ball python constricts the shadow imp.
Your ball python bites the shadow imp but does no damage.
The rat bites you but does no damage.
Natasha stares at you and mumbles some strange words.
The magic dart hits you!
* * * LOW HITPOINT WARNING * * *
You hit Natasha.
Natasha is moderately wounded.
Your ball python bites the shadow imp but does no damage.
Your ball python constricts the shadow imp.
The shadow imp barely misses you.
Your ball python bites the shadow imp but does no damage.
Natasha howls an incantation.
You feel disoriented. Natasha closely misses you. The rat barely misses you.
You hit the shadow imp.
The shadow imp is severely wounded.
Your ball python bites the shadow imp.
Your ball python constricts the shadow imp.
Your ball python bites the shadow imp but does no damage.
The shadow imp gestures at your ball python.
Your ball python writhes in agony!
Your ball python dies!
The shadow imp shouts!
You hit the shadow imp but do no damage.
The shadow imp is almost dead.
Natasha closely misses you. The rat completely misses you.
Your ball python bites the shadow imp but does no damage.
Your ball python constricts the shadow imp.
The shadow imp completely misses you.
You hit the shadow imp.
You kill the shadow imp!
Natasha claws you.
* * * LOW HITPOINT WARNING * * *
The rat closely misses you.
You aren't carrying any items that you can evoke.
Unknown command.
Casting: Sticks to Snakes
Confirm with . or Enter, or press ? or * to list all spells.
You grow a pair of large bovine horns.
Your ball python closely misses Natasha.
Your ball python grabs Natasha.
Your ball python constricts Natasha.
Natasha claws you but does no damage. The rat bites you.
You die...

......#+#)#.####.#
........)>........
......<..#.####..
.........#.#
###......#..
#......#######
######............#
.......S..........#
......h@..........#
......r###........#
....... ##########
....... .......
....... .......
#######


You could see Natasha, a rat and a friendly ball python.

Vanquished Creatures
  A worm (D:2)
  A leopard gecko (D:1)
  An orc (D:2)
  A bat (D:2)
  4 hobgoblins
  3 frilled lizards (D:2)
  A goblin (D:1)
  3 kobolds (D:2)
  2 rats (D:2)
17 creatures vanquished.

Notes
Turn   | Place    | Note
-------+----------+-------------------------------------------
     0 | D:1      | tidbits the Gnoll Transmuter began the quest for the Orb.
     0 | D:1      | Reached XP level 1. HP: 17/17 MP: 6/6
    93 | D:2      | Reached XP level 2. HP: 23/23 MP: 7/7
   121 | D:2      | Learned a level 2 spell: Sticks to Snakes
   228 | D:2      | Noticed Natasha
   240 | D:2      | HP: 1/23 [Natasha (5)]
   241 | D:2      | Slain by a rat

Vault maps used:
D:1:      lemuel_arrival_behind_the_door_small
D:2:      first_ration, serial_bayou_pond_b, elyvilon_altar_4, uniq_natasha
D:3:      uniq_jessica

Action                   || total
-------------------------++-------
Melee: Unarmed           ||    38
       Headbutt          ||     4
       Punch             ||     2
       Bite              ||     2
       Kick              ||     1
 Cast: Beastly Appendage ||     5
       Sticks to Snakes  ||     3
Armor: Robe              ||     4
Dodge: Dodged            ||    27

Table legend:
 A = Spawn XP
 B = Non-spawn XP
 C = Spawn XP percentage of total XP
 D = Spawn monster count
 E = Non-spawn monster count
 F = Spawn count percentage of total count
 G = Total turns spent on level
                    A         B        C        D         E        F      G
               +---------+---------+-------+---------+---------+-------+---------
         Total |       0 |      32 |   0.0 |       0 |      17 |   0.0 |   241
               +---------+---------+-------+---------+---------+-------+---------
           D:1 |       0 |       8 |   0.0 |       0 |       4 |   0.0 |    89
           D:2 |       0 |      24 |   0.0 |       0 |      13 |   0.0 |   147
               +---------+---------+-------+---------+---------+-------+---------

Table legend:
 A = Turns spent in this place as a percentage of turns spent in the entire game.
 B = Non-inter-level travel turns spent in this place as a percentage of non-inter-level travel turns spent in the entire game.
 C = Inter-level travel turns spent in this place as a percentage of turns spent in this place.
 D = Turns resting spent in this place as a percentage of non-inter-level travel turns spent in this place.
 E = Turns spent auto-exploring this place as a percentage of non-inter-level travel turns spent in this place.
 F = Non-inter-level travel turns spent in this place divided by the number of levels of this place that you've seen.
                   A       B       C       D       E      F
               +-------+-------+-------+-------+-------+----------------------
         Total | 100.0 | 100.0 |   0.0 |   0.0 |   0.0 |  80.3
       Dungeon | 100.0 | 100.0 |   0.0 |   0.0 |   0.0 |  80.3
               +-------+-------+-------+-------+-------+----------------------

Table legend:
 A = Kills in this place as a percentage of kills in entire the game.
 B = Kills by you in this place as a percentage of kills by you in the entire game.
 C = Kills by friends in this place as a percentage of kills by friends in the entire game.
 D = Other kills in this place as a percentage of other kills in the entire game.
 E = Experience gained in this place as a percentage of experience gained in the entire game.
 F = Experience gained in this place divided by the number of levels of this place that you have seen.
                   A       B       C       D       E      F
               +-------+-------+-------+-------+-------+----------------------
         Total | 100.0 | 100.0 |   N/A |   N/A | 100.0 |  10.7
       Dungeon | 100.0 | 100.0 |   N/A |   N/A | 100.0 |  10.7
               +-------+-------+-------+-------+-------+----------------------

Vault maps used:
D:1:      lemuel_arrival_behind_the_door_small
D:2:      first_ration, serial_bayou_pond_b, elyvilon_altar_4, uniq_natasha
D:3:      uniq_jessica
